 Dungeon Crawl Stone Soup version 0.26-a0-1002-g7355149c4d (webtiles) character file.

Game seed: 11148042832801703341

905 jisko22 the Chiller (level 7, -1/58 HPs)
             Began as a Green Draconian Ice Elementalist on Nov 28, 2020.
             Killed from afar by a white imp (11 damage)
             ... with a puff of frost
             ... on level 5 of the Dungeon on Dec 6, 2020.
             The game lasted 00:44:35 (6690 turns).

jisko22 the Chiller (DrIE)                          Turns: 6690, Time: 00:44:36

Health: -1/58      AC:  6    Str: 12      XL:     7   Next: 80%
Magic:  10/10      EV: 13    Int: 15      God:
Gold:   139        SH:  0    Dex: 10 (12) Spells: 3/10 levels left

rFire    . . .     SeeInvis .   s - +0 club
rCold    . . .     Faith    .   (no shield)
rNeg     . . .     Spirit   .   (armour unavailable)
rPois    +         Reflect  .   u - +0 hat
rElec    .         Harm     .   (no cloak)
rCorr    .         Rampage  .   (no gloves)
Will     +....                  (no boots)
Stlth    ++........             (no amulet)
HPRegen  0.19/turn              (no ring)
MPRegen  0.12/turn              (no ring)

@: attractive, flying, slowed, very slow
A: breathe noxious fumes, unfitting armour, antennae 1, strong-willed 1, poison
resistance, cold-blooded, AC +6
a: Breathe Noxious Fumes


You were on level 5 of the Dungeon.
You visited 1 branch of the dungeon, and saw 5 of its levels.

You collected 295 gold pieces.
You spent 156 gold pieces at shops.

Inventory:

Hand Weapons
 a - a +0 spear
 b - a +0 hunting sling
 s - a +0 club (weapon)
 t - a +0 halberd
Missiles
 k - 138 stones (quivered)
 w - 20 sling bullets
 C - 34 arrows
Armour
 u - a +0 hat (worn)
Jewellery
 l - an uncursed ring of teleportation
Wands
 q - a wand of digging (5)
Scrolls
 d - 4 scrolls of identify
 f - 4 scrolls of teleportation
 g - a scroll of amnesia
 h - a scroll of fog {unknown}
 x - a scroll of fear {unknown}
 y - a scroll of random uselessness {unknown}
 z - a scroll of immolation {unknown}
 A - a scroll of enchant weapon {unknown}
 B - a scroll of magic mapping {unknown}
Potions
 e - a potion of degeneration
 j - a potion of magic
 m - 2 potions of lignification
 p - a potion of curing
 v - 2 potions of flight


   Skills:
 + Level 3.8 Fighting
 * Level 4.8 Maces & Flails
 - Level 2.1 Slings
 + Level 3.7 Dodging
 - Level 1.7 Stealth
 - Level 2.2 Spellcasting
 - Level 5.7 Ice Magic


You had 3 spell levels left.
You knew the following spells:

 Your Spells              Type           Power        Failure   Level
a - Freeze                Ice            ###.         1%          1
b - Frozen Ramparts       Ice            ###...       6%          3
c - Ozocubu's Armour      Ice            ###.....     6%          3

Your spell library contained the following spells:

 Spells                   Type           Power        Failure   Level
 Hailstorm                Conj/Ice       ##......     54%         4
 Summon Ice Beast         Ice/Summ       ##......     54%         4


Dungeon Overview and Level Annotations

Branches:
Dungeon (5/15)
 Temple: D:4-7

Altars:
Makhleb

Shops:
D:5 *

Annotations:
D:3 3 runed translucent doors, araganzar's ghost, weakling DsDe
D:4 Grinder


Innate Abilities, Weirdness & Mutations

You can breathe blasts of noxious fumes.
Your lurid green scales are hard. (AC +6)
You cannot fit into any form of body armour.
Your system is resistant to poisons. (rPois)
You are cold-blooded and may be slowed by cold attacks.
You have a pair of small antennae on your head.
You are strong-willed. (WL+)


Message History

You feel better.
You feel yourself speed up. The white imp closely misses you.
It was a potion of flight.
You feel very buoyant.
You fly up into the air.
The white imp barely misses you.
It was a potion of attraction.
You feel attractive to monsters. The white imp misses you.
It was a potion of mutation.
You feel extremely strange.
You feel strong-willed. A pair of antennae grows on your head!
The white imp hits you.
* * * LOW HITPOINT WARNING * * *
The white imp freezes you.
You feel yourself slow down.
* * * LOW HITPOINT WARNING * * *
The white imp closely misses you.
The white imp shouts, "Quail, thou mangled tip-merry death-token!"
The white imp gestures at you. The puff of frost hits you!
You die...

.## ...# ##### ...##
#...##### ###...##
###.......## #......#
######.##.......##
......####.##.)5@....#....##
......#..............##Y...#
............#####.....##†..#
..........(.[# ##...###..##
.........(#..#........#...#
..........#..#.......#....#
..........#....(..##.#..###
............###.........#
.........#....(........##


You could see a white imp.

Vanquished Creatures
  An ice beast (D:5)
  2 ogres (D:5)
  A scorpion (D:4)
  A howler monkey (D:4)
  A quasit (D:5)
  2 hounds (D:4)
  A jelly (D:5)
  An orc priest (D:4)
  Ijyb (D:3)
  Natasha (twice) (D:3)
  3 iguanas
  2 worker ants (D:4)
  4 gnolls (D:3)
  4 adders
  An ufetubus (D:5)
  An adder skeleton (D:4)
  A worm (D:3)
  3 dart slugs
  5 leopard geckos
  6 orcs
  5 giant cockroaches
  10 goblins
  10 hobgoblins
  11 jackals
  7 quokkas
  2 ball pythons (D:2)
  10 bats
  3 frilled lizards (D:1)
  A jackal skeleton (D:5)
  6 kobolds
  A quokka skeleton (D:4)
  7 rats (D:1)
116 creatures vanquished.

Notes
Turn   | Place    | Note
-------+----------+-------------------------------------------
     0 | D:1      | jisko22 the Draconian Ice Elementalist began the quest for
                  | the Orb.
     0 | D:1      | Reached XP level 1. HP: 14/14 MP: 3/3
   278 | D:1      | Reached XP level 2. HP: 17/22 MP: 0/5
   786 | D:1      | Reached skill level 1 in Fighting
  1159 | D:1      | Reached XP level 3. HP: 24/28 MP: 3/6
  1163 | D:1      | Learned a level 3 spell: Frozen Ramparts
  1987 | D:2      | Reached skill level 5 in Ice Magic
  2386 | D:3      | Reached XP level 4. HP: 26/35 MP: 7/7
  2518 | D:3      | Noticed Ijyb
  2590 | D:3      | Killed Ijyb
  2647 | D:3      | Learned a level 3 spell: Ozocubu's Armour
  2863 | D:3      | Upgraded the game from 0.26-a0-949-ga0cc1ef5f6 to
                  | 0.26-a0-952-g76694b35de
  3010 | D:3      | Reached skill level 1 in Slings
  3010 | D:3      | Reached XP level 5. HP: 32/40 MP: 4/8
  3102 | D:3      | Found a runed translucent gate.
  3102 | D:3      | Found a runed translucent gate.
  3102 | D:3      | Found a runed translucent gate.
  3304 | D:3      | Noticed Natasha
  3316 | D:3      | Killed Natasha
  3470 | D:3      | Noticed Natasha
  3481 | D:3      | Killed Natasha
  3641 | D:3      | Noticed araganzar's ghost (weakling DsDe)
  3725 | D:4      | Reached skill level 1 in Maces & Flails
  3994 | D:4      | Reached XP level 6. HP: 48/48 MP: 9/9
  5064 | D:5      | Entered Level 5 of the Dungeon
  5131 | D:5      | Upgraded the game from 0.26-a0-952-g76694b35de to
                  | 0.26-a0-958-gf3041fb45f
  5146 | D:5      | Your scales start taking on a lurid green colour.
  5146 | D:5      | Reached XP level 7. HP: 56/56 MP: 5/10
  5146 | D:5      | Gained mutation: Your system is resistant to poisons.
                  | (rPois) [Green Draconian growth]
  5187 | D:5      | Found a burning altar of Makhleb.
  5445 | D:5      | Noticed Grinder
  5445 | D:5      | Paralysed by Grinder for 5 turns
  5459 | D:5      | Paralysed by Grinder for 3 turns
  5463 | D:5      | Found Xehoajum's Assorted Antiques.
  5706 | D:4      | Upgraded the game from 0.26-a0-958-gf3041fb45f to
                  | 0.26-a0-966-gd078a86f14
  5725 | D:4      | Paralysed by Grinder for 4 turns
  6080 | D:5      | Bought a scroll of identify for 52 gold pieces
  6080 | D:5      | Bought a scroll of identify for 52 gold pieces
  6080 | D:5      | Bought a scroll of identify for 52 gold pieces
  6180 | D:5      | Upgraded the game from 0.26-a0-966-gd078a86f14 to
                  | 0.26-a0-1002-g7355149c4d
  6689 | D:5      | Gained mutation: You are strong-willed. (WL+) [potion of
                  | mutation]
  6689 | D:5      | Gained mutation: You have a pair of small antennae on your
                  | head. [potion of mutation]
  6690 | D:5      | Killed from afar by a white imp

Illustrated notes

Levels and vault maps discovered:
D:1:      elethiomel_arrival_shortcut, layout_rooms, minmay_box_of_dots
D:2:      layout_basic
D:3:      layout_loops_ring, gammafunk_ghost_icy,
          minmay_fractal_squares_diagonal_5, uniq_natasha, uniq_ijyb
D:4:      layout_basic, roderic_serpentine_path, minmay_pentangle
D:5:      layout_cave_pools, overflow_temple_1_default, serial_shops, shop,
          uniq_grinder

Skill      XL: |  1  2  3  4  5  6  7 |
---------------+----------------------+-----
Dodging        | 2 3 |  3.7
Fighting       | 1 2 3 |  3.8
Ice Magic      | 5 |  5.7
Slings         | 1 2 |  2.1
Maces & Flails | 1 3 4 |  4.8
Stealth        | |  1.7
Spellcasting   | |  2.2

Action                   |  1- 3 |  4- 6 |  7- 9 || total
-------------------------+-------+-------+-------++-------
Melee: Club              |    79 |    44 |    40 ||   163
       Tailslap          |     4 |    10 |     4 ||    18
       Spear             |       |    83 |    29 ||   112
 Fire: Hunting sling     |     9 |    16 |     6 ||    31
Throw: Stone             |     1 |    10 |     5 ||    16
 Cast: Freeze            |    49 |    23 |     4 ||    76
       Frozen Ramparts   |     3 |    16 |     9 ||    28
       Ozocubu's Armour  |       |     7 |     1 ||     8
 Abil: Breathe Noxious F |       |       |     8 ||     8
  Use: Scroll            |       |       |    12 ||    12
       Potion            |       |       |    10 ||    10
 Stab: Sleeping          |       |     3 |       ||     3
Armor: Skin              |    46 |    60 |    31 ||   137
Dodge: Dodged            |   101 |   105 |    57 ||   263

Table legend: (Time is in decaauts)
 A = Elapsed time spent in this place.
 B = Non-inter-level travel time spent in this place.
 C = Inter-level travel time spent in this place.
 D = Time resting spent in this place.
 E = Time spent auto-exploring this place.
 F = Levels seen in this place.
 G = Mean time per level.
                   A        B        C        D        E       F      G
               +--------+--------+--------+--------+--------+-----+--------+
         Total |   6734 |   6492 |    242 |   1996 |   3174 |   5 | 1346.8 |
       Dungeon |   6734 |   6492 |    242 |   1996 |   3174 |   5 | 1346.8 |
               +--------+--------+--------+--------+--------+-----+--------+

Top non-repeatable levels by time:
     D:4: 2154 daAuts
     D:3: 1594 daAuts
     D:1: 1439 daAuts
     D:5: 853 daAuts
     D:2: 693 daAuts
